 Dungeon Crawl Stone Soup version 0.29-a0-275-g389c0b56f3 (webtiles) character file.

Game seed: 15313395795338794627

7 Hubjo the Changer (level 1, -2/14 HPs)
             Began as a Demonspawn Wanderer on Mar 9, 2022.
             Was an Initiate of Gozag.
             Slain by a quokka (5 damage)
             ... on level 2 of the Dungeon.
             The game lasted 00:01:35 (898 turns).

Hubjo the Changer (Demonspawn Wanderer)              Turns: 898, Time: 00:01:35

Health: -2/14      AC:  2    Str: 10    XL:     1   Next: 91%
Magic:  2/2        EV: 11    Int: 16    God:    Gozag
Gold:   89         SH:  0    Dex: 11    Spells: 2/2 levels left

rFire   . . .      SeeInvis .   a - +0 dagger
rCold   . . .      Faith    .   (no shield)
rNeg    . . .      Spirit   .   c - +0 robe
rPois   .          Reflect  .   (no helmet)
rElec   .          Harm     .   (no cloak)
rCorr   .          Rampage  .   (no gloves)
Will    .....                   (no boots)
Stlth   +.........              (no amulet)
HPRegen 0.04/turn               (no ring)
MPRegen 0.08/turn               (no ring)

@: no status effects
A: no striking features
a: Renounce Religion, Potion Petition, Call Merchant, Bribe Branch


You were on level 2 of the Dungeon.
You worshipped Gozag.
Gozag was noncommittal.
You visited 1 branch of the dungeon, and saw 2 of its levels.

You collected 89 gold pieces.

Inventory:

Hand Weapons
 a - a +0 dagger (weapon)
Armour
 c - a +0 robe (worn)
Jewellery
 e - a ring of wizardry
Scrolls
 b - a scroll of fog
 g - a scroll of vulnerability {unknown}
 h - 4 scrolls of identify {unknown}
 j - a scroll of teleportation {unknown}
 k - a scroll of acquirement {unknown}
Potions
 f - a potion of ambrosia {unknown}
 i - 3 potions of resistance {unknown}
 l - a potion of cancellation {unknown}
Miscellaneous
 d - a piece from Xom's chessboard (15/15) (quivered)


   Skills:
 * Level 0.7 Fighting
 - Level 1.0 Throwing
 + Level 1.0 Dodging
 + Level 1.1 Spellcasting
 + Level 2.2 Necromancy
 + Level 2.7 Transmutations
 + Level 2.1 Evocations


You had 2 spell levels left.
You didn't know any spells.
Your spell library contained the following spells:

 Spells                   Type           Power      Damage    Failure   Level
 Pain                     Necr           32%        1d5       9%          1
 Sting                    Tmut/Pois      20%        1d4       13%         1
 Vampiric Draining        Necr           8%         2d6       26%         3
 Spider Form              Tmut/Pois      5%         N/A       36%         3
 Ice Form                 Ice/Tmut       5%         N/A       77%         4


Dungeon Overview and Level Annotations

Branches:
Dungeon (2/15)

Altars:
Gozag

Shops:
D:1 [


Message History

l - a glowing silvery potion
h - 4 scrolls labelled VETEM BOOTOOLI (gained 1)
Found a stone staircase leading down.
A hobgoblin comes into view.
The hobgoblin shouts!
A hobgoblin is nearby!
Found an escape hatch in the ceiling.
A quokka comes into view.
A goblin comes into view. It is wielding a +0 club.
The quokka barely misses you.
The goblin shouts!
You hit the quokka.
The quokka is lightly wounded.
The quokka bites you.
You miss the quokka. Your punch misses the quokka.
The quokka is lightly wounded.
The quokka misses you.
You hit the quokka.
The quokka is moderately wounded.
The quokka bites you.
You hit the quokka but do no damage.
The quokka is moderately wounded.
The quokka barely misses you. The hobgoblin hits you.
You are too injured to fight recklessly!
You are too injured to fight recklessly!
You are too injured to fight recklessly!
You are too injured to fight recklessly!
You are too injured to fight recklessly!
You are too injured to fight recklessly!
You are too injured to fight recklessly!
You are too injured to fight recklessly!
You are too injured to fight recklessly!
You are too injured to fight recklessly!
You are too injured to fight recklessly!
You are too injured to fight recklessly!
The quokka attacks as you move away! The quokka bites you.
* * * LOW HITPOINT WARNING * * *
The quokka bites you.
You die...
Your body crumbles into a pile of gold.

#.# #...### #.# ......<
#######.# .......
##.......#### .......
............# .....##
..#.####.##.# .......
#.#.# #.##.######.....##
#.#.####........@rgg.....
#...........###.#########
###.#######.# #.# #.# #>#
#.# #.# #.# #.# #.# #.#
#.# #.# #.# #.# #.. ..#
#.. ### ##.


You could see a quokka, a hobgoblin and a goblin.

Vanquished Creatures
  A bat (D:1)
  An endoplasm (D:1)
  A giant cockroach (D:1)
  2 ball pythons (D:1)
  A frilled lizard (D:1)
  A kobold (D:1)
  A rat (D:1)
8 creatures vanquished.

Notes
Turn   | Place    | Note
-------+----------+-------------------------------------------
     0 | D:1      | Hubjo the Demonspawn Wanderer began the quest for the Orb.
     0 | D:1      | Hubjo set off with the following items: a +0 dagger, a
                  | scroll of fog, a +0 robe, a piece from Xom's chessboard
                  | (15/15); and the following spells available to memorise:
                  | Pain, Sting, Vampiric Draining, Spider Form, Ice Form
     0 | D:1      | Reached XP level 1. HP: 13/13 MP: 2/2
   103 | D:1      | Found a faded altar of an unknown god.
   120 | D:1      | Prayed at the altar of an unknown god.
   120 | D:1      | Became a worshipper of Gozag Ym Sagoz the Greedy
   241 | D:1      | Found Diavel's Armour Shop.
   898 | D:2      | Slain by a quokka

Illustrated notes

Levels and vault maps discovered:
D:1:      minmay_arrival_solitary_statue, layout_loops_cross, serial_shops,
          nicolae_shop_trees, ebering_ecumenical_altar_webs
D:2:      layout_loops_ring

Action                   || total
-------------------------++-------
Melee: Dagger            ||    29
Armor: Robe              ||     6
Dodge: Dodged            ||    17

Table legend: (Time is in decaauts)
 A = Elapsed time spent in this place.
 B = Non-inter-level travel time spent in this place.
 C = Inter-level travel time spent in this place.
 D = Time resting spent in this place.
 E = Time spent auto-exploring this place.
 F = Levels seen in this place.
 G = Mean time per level.
                   A        B        C        D        E       F      G
               +--------+--------+--------+--------+--------+-----+--------+
         Total |    897 |    868 |     29 |      0 |    778 |   2 |  448.5 |
       Dungeon |    897 |    868 |     29 |      0 |    778 |   2 |  448.5 |
               +--------+--------+--------+--------+--------+-----+--------+

Top non-repeatable levels by time:
     D:1: 848 daAuts
     D:2: 49 daAuts
